 Dungeon Crawl Stone Soup version 0.22-a0-580-gd5db89c (webtiles) character file.

576 wellist the Skirmisher (level 7, -8/63 HPs)
             Began as a Hill Orc Fighter on July 3, 2018.
             Mangled by Menkaure (15 damage)
             ... on level 5 of the Dungeon.
             The game lasted 00:20:02 (4204 turns).

wellist the Skirmisher (Hill Orc Fighter)           Turns: 4204, Time: 00:20:03

Health: -8/63      AC:  7    Str: 21    XL:     7   Next: 35%
Magic:  7/7        EV:  7    Int:  8    God:
Gold:   127        SH:  9    Dex: 10    Spells: 6/6 levels left

rFire    . . .     SeeInvis .   a - +0 war axe
rCold    + . .     Gourm    .   c - +0 shield
rNeg     . . .     Faith    .   b - +0 scale mail
rPois    .         Spirit   .   (no helmet)
rElec    .         Reflect  .   (no cloak)
rCorr    .         Harm     .   (no gloves)
MR       .....                  (no boots)
Stlth    ..........             (no amulet)
HPRegen  0.20/turn              A - ring of protection from cold
MPRegen  0.10/turn              (no ring)

@: no status effects
A: no striking features
a: no special abilities


You were on level 5 of the Dungeon.
You were not hungry.

You visited 1 branch of the dungeon, and saw 5 of its levels.

You collected 127 gold pieces.

Inventory:

Hand Weapons
 a - a +0 war axe (weapon)
Armour
 b - a +0 scale mail (worn)
 c - a +0 shield (worn)
Jewellery
 s - an uncursed amulet of faith
 A - a ring of protection from cold (left hand)
Wands
 w - a wand of polymorph (12)
 y - a wand of iceblast (13)
Scrolls
 g - a scroll of amnesia
 k - a scroll of fear {unknown}
 l - a scroll of enchant armour {unknown}
 m - a scroll of random uselessness {unknown}
 n - 2 scrolls of fog
 r - 2 scrolls of identify
 t - a scroll of teleportation
 v - a scroll of blinking {unknown}
Potions
 d - 2 potions of might
 e - a potion of flight {unknown}
 h - a potion of curing {unknown}
 i - a potion of mutation {unknown}
 j - 2 potions of degeneration {unknown}
 o - a potion of heal wounds
 p - 2 potions of berserk rage {unknown}
 x - a potion of haste
 z - a potion of invisibility {unknown}
Comestibles
 f - 7 rations
 u - a chunk of flesh


   Skills:
 * Level 6.1 Fighting
 * Level 6.0 Axes
 * Level 5.4 Armour
 + Level 4.6 Shields


You had 6 spell levels left.
You didn't know any spells.
Your spell library contained the following spells:

 Spells                   Type           Power        Failure   Level  Hunger
 Confuse                  Hex            #.......     100%        3    ####...
 Tukima's Dance           Hex            #.......     100%        3    ####...
 Ensorcelled Hibernation  Hex/Ice        #.....       100%        2    ###....
 Corona                   Hex            #......      99%         1    ##.....
 Dazzling Spray           Conj/Hex       #.....       100%        3    ####...


Dungeon Overview and Level Annotations

Branches:
Dungeon (5/15)
 Temple: D:4-7

Altars:
Dithmenos
Elyvilon
Fedhas
Hepliaklqana
Sif Muna
Vehumet
Xom

Annotations:
D:3 1 runed door, Amnesiac's ghost, amateur SpFi
D:5 Menkaure


Message History

You block the quokka's attack.
The howler monkey hoots and howls with incredible vigour!
The quokka bites you but does no damage.
The howler monkey hoots and howls with incredible vigour!
You hear an angry hiss.
Your shield and scale mail prevent you from hitting the quokka.
The quokka is moderately wounded.
The quokka closely misses you. You block the quokka's attack.
You closely miss the quokka.
The quokka is moderately wounded.
You slash the howler monkey!
You kill the howler monkey!
Your Axes skill increases to level 6!
The quokka barely misses you.
You slash the quokka!
You kill the quokka!
You slash Menkaure! Menkaure hits you!
* * * LOW HITPOINT WARNING * * *
Menkaure hits you!
You die...

....#..........#
#######
....#..........#
...............##
#........)......#
#..............#
##............##
##..........##
##.M†#.....#
##.@#######
###..# ####.#..##
###........##
#...........#
#...........#
##.........##
#.........#
##.........#


You could see Menkaure.

Vanquished Creatures
  A scorpion (D:4)
  A howler monkey (D:5)
  2 orc priests (D:4)
  A hound (D:4)
  Ijyb (D:4)
  An iguana (D:4)
  An orc wizard (D:4)
  Natasha (thrice) (D:2)
  4 worker ants
  A hound skeleton (D:4)
  Robin (D:3)
  6 adders
  2 worms
  3 dart slugs
  4 leopard geckos
  9 orcs
  2 giant cockroaches
  13 goblins
  8 hobgoblins
  2 jackals (D:4)
  6 kobolds
  2 quokkas
  2 ball pythons
  2 bats (D:2)
  5 frilled lizards
  A leopard gecko skeleton (D:4)
  4 rats
88 creatures vanquished.

Vanquished Creatures (others)
  A quokka (D:2)
1 creature vanquished.

Grand Total: 89 creatures vanquished

Notes
Turn   | Place    | Note
-------+----------+-------------------------------------------
     0 | D:1      | wellist the Hill Orc Fighter began the quest for the Orb.
     0 | D:1      | Reached XP level 1. HP: 19/19 MP: 1/1
   327 | D:1      | Reached XP level 2. HP: 27/27 MP: 2/2
   837 | D:2      | Reached XP level 3. HP: 12/33 MP: 3/3
   960 | D:2      | Found a white marble altar of Elyvilon.
  1040 | D:2      | Reached XP level 4. HP: 29/40 MP: 4/4
  1145 | D:2      | Found a radiant altar of Vehumet.
  1310 | D:2      | Found a hazy altar of Hepliaklqana.
  1355 | D:3      | Noticed Robin
  1366 | D:2      | Noticed Natasha
  1385 | D:2      | Killed Natasha
  1491 | D:2      | Noticed Natasha
  1511 | D:2      | Killed Natasha
  1511 | D:2      | Reached XP level 5. HP: 24/47 MP: 5/5
  1791 | D:2      | Noticed Natasha
  1795 | D:2      | Killed Natasha
  1968 | D:3      | Killed Robin
  2005 | D:3      | Reached skill level 5 in Fighting
  2308 | D:3      | Found a runed door.
  2313 | D:3      | Noticed Amnesiac's ghost (amateur SpFi)
  2675 | D:4      | Reached XP level 6. HP: 56/56 MP: 6/6
  2766 | D:4      | Reached skill level 5 in Axes
  2775 | D:4      | Noticed Ijyb
  2790 | D:4      | Killed Ijyb
  3199 | D:4      | Reached skill level 5 in Armour
  3452 | D:4      | Reached XP level 7. HP: 61/62 MP: 7/7
  3936 | D:4      | Found a blossoming altar of Fedhas.
  3974 | D:4      | Found a shimmering altar of Xom.
  3974 | D:4      | Found a deep blue altar of Sif Muna.
  4061 | D:5      | Entered Level 5 of the Dungeon
  4118 | D:5      | Found a shadowy altar of Dithmenos.
  4154 | D:5      | Noticed Menkaure
  4204 | D:5      | Mangled by Menkaure

Vault maps used:
D:1:      nagdon_arrival_double_spiral, minmay_crystal_room
D:2:      overflow_temple_1_default, overflow_temple_1_default,
          elyvilon_altar_4, first_ration, kennysheep_generic_room_2,
          uniq_natasha
D:3:      ashenzari_conservatory_becter, ebering_ghost_sewer_d, uniq_robin
D:4:      gammafunk_temple_overflow_elements, fedhas_altar_1, uniq_ijyb
D:5:      minmay_temple_entry_fiery, portal_sewer_entry_b, basic_altar,
          uniq_menkaure

Skill      XL: |  1  2  3  4  5  6  7 |
---------------+----------------------+-----
Axes           | 3 4 5 6 |  6.0
Fighting       | 4 5 6 |  6.1
Armour         | 4 5 |  5.4
Shields        | 4 |  4.6

Action                   |  1- 3 |  4- 6 |  7- 9 || total
-------------------------+-------+-------+-------++-------
Melee: War axe           |    74 |   222 |    40 ||   336
  Use: Potion            |     1 |     1 |       ||     2
       Scroll            |       |       |     5 ||     5
  Eat: Chunk             |       |     9 |     2 ||    11
Armor: Scale mail        |    45 |    77 |    10 ||   132
Dodge: Dodged            |    24 |    74 |    10 ||   108
Block: Shield            |    45 |   125 |    22 ||   192

Table legend:
 A = Spawn XP
 B = Non-spawn XP
 C = Spawn XP percentage of total XP
 D = Spawn monster count
 E = Non-spawn monster count
 F = Spawn count percentage of total count
 G = Total turns spent on level
                    A         B        C        D         E        F      G
               +---------+---------+-------+---------+---------+-------+---------
         Total |       0 |     824 |   0.0 |       0 |      88 |   0.0 |  4204
               +---------+---------+-------+---------+---------+-------+---------
           D:1 |       0 |      15 |   0.0 |       0 |      10 |   0.0 |   759
           D:2 |       0 |     208 |   0.0 |       0 |      33 |   0.0 |  1463
           D:3 |       0 |      76 |   0.0 |       0 |      13 |   0.0 |   436
           D:4 |       0 |     433 |   0.0 |       0 |      28 |   0.0 |  1403
           D:5 |       0 |      92 |   0.0 |       0 |       4 |   0.0 |   143
               +---------+---------+-------+---------+---------+-------+---------
